 Dungeon Sprint DCSS version 0.18.1-50-g88ac8fd (webtiles) character file.

698 Kagutsuchi the Fighter (level 7, -11/73 HPs)
             Began as a Pale Draconian Berserker on Oct 21, 2016.
             Was a Priest of Trog.
             Mangled by Menkaure (12 damage)
             ... in the Dungeon (Sprint II: "The Violet Keep of Menkaure").
             The game lasted 00:01:12 (92 turns).

Kagutsuchi the Fighter (Pale Draconian Berserker)     Turns: 92, Time: 00:01:14

Health: -11/73     AC:  6    Str: 19    XL:     7   Next: 38%
Magic:  7/7        EV: 16    Int:  8    God:    Trog [***...]
Gold:   486        SH:  0    Dex: 12    Spells: 0 memorised, 6 levels left

rFire  . . .     SeeInvis .     a - +0 falchion
rCold  . . .     Gourm    .     (armour unavailable)
rNeg   . . .     Faith    .     (no shield)
rPois  .         Spirit   .     (helmet restricted)
rElec  .         Dismiss  .     (no cloak)
rCorr  .         Reflect  .     (no gloves)
SustAt .         Harm     .     (no boots)
MR     .....     NoTele   +     (no amulet)
Stlth  +.........               (no ring)
                                (no ring)

@: exhausted, slowed, very slow, not resistant to hostile enchantments, very
unstealthy
A: breathe steam, unfitting armour, cold-blooded, AC +6
a: Breathe Steam, Berserk, Trog's Hand, Burn Spellbooks, Renounce Religion


You were in the Dungeon.
You worshipped Trog.
Trog was most pleased with you.
You were not hungry.

You visited 1 branch You collected 486 gold pieces.

Inventory:

Hand Weapons
 a - a +0 falchion (weapon)
Scrolls
 h - a scroll of blinking
Potions
 e - a potion of haste
 f - 2 potions of magic
 g - a potion of berserk rage
Comestibles
 b - a bread ration


   Skills:
 + Level 10.7 Fighting
 + Level 9.9 Long Blades
 + Level 9.0 Dodging


You had 6 spell levels left.
You didn't know any spells.

Dungeon Overview and Level Annotations

Branches:
Dungeon (1/1)

Altars:

Shops:
D :

Annotations:
D exclusion: Roxanne, Menkaure, Roxanne


Innate Abilities, Weirdness & Mutations

You can breathe blasts of scalding, opaque steam.
Your pale cyan-grey scales are hard (AC +6).
Your body does not fit into most forms of armour.
You are cold-blooded and may be slowed by cold attacks.


Message History

The crocodile convulses!
Menkaure gestures at you while chanting.
You struggle to resist.
The crocodile completely misses you.
Found Wenuacij's Book Shoppe.
Drink which item? (? for menu, Esc to quit)
You feel much better. Menkaure barely misses you. The crocodile bites you.
Menkaure calls on the powers of darkness!
The crocodile convulses!
Your body is wracked with pain!
You closely miss the crocodile.
Your tail-slap misses the crocodile.
The crocodile is severely wounded.
The crocodile bites you but does no damage.
Menkaure hits you.
* * * LOW HITPOINT WARNING * * *
You barely miss the crocodile.
The crocodile is severely wounded.
The crocodile closely misses you. Menkaure barely misses you.
The crocodile bites you!
* * * LOW HITPOINT WARNING * * *
Menkaure hits you!
You die...

####+####
##≈≈§§§§§##
§§§≈§§≈≈§##
§§§8.≈§§§#
§≈§.§§§ # §§§§
###≈≈#+++#+++##
##≈≈≈.t@......#
∩#≈≈≈≈M##'##..#
.#≈≈≈≈##.#.## #
.#≈≈≈≈#.###.#
.#≈≈####†#.####
.#≈##.###'# .##
.#≈#...##.###†.#
.+ #†.<.††#
#...##.###..#


You could see a crocodile and Menkaure.

Vanquished Creatures
  2 hippogriffs (D)
  4 necrophages (D)
  4 worker ants (D)
10 creatures vanquished.

Notes
Turn   | Place    | Note
--------------------------------------------------------------
     0 | D        | Kagutsuchi the Draconian Berserker began the quest for the Orb.
     0 | D        | Reached XP level 1. HP: 19/19 MP: 1/1
     1 | D        | Noticed a necrophage
     1 | D        | Noticed a necrophage
     1 | D        | Noticed a necrophage
     1 | D        | Noticed a necrophage
     9 | D        | Killed a necrophage
     9 | D        | Reached skill level 6 in Fighting
     9 | D        | Reached skill level 5 in Long Blades
     9 | D        | Reached skill level 5 in Dodging
     9 | D        | Reached XP level 2. HP: 31/31 MP: 2/2
     9 | D        | Reached XP level 3. HP: 38/38 MP: 3/3
     9 | D        | Reached XP level 4. HP: 45/45 MP: 4/4
    14 | D        | Killed a necrophage
    14 | D        | Reached skill level 7 in Fighting
    14 | D        | Reached XP level 5. HP: 53/53 MP: 5/5
    16 | D        | Killed a necrophage
    16 | D        | Reached skill level 8 in Fighting
    21 | D        | Killed a necrophage
    21 | D        | Reached skill level 9 in Fighting
    21 | D        | Reached XP level 6. HP: 61/63 MP: 6/6
    53 | D        | Reached ** piety under Trog
    67 | D        | Noticed a hippogriff
    67 | D        | Noticed a hippogriff
    74 | D        | Killed a hippogriff
    74 | D        | Reached skill level 10 in Fighting
    74 | D        | Your scales start taking on a pale cyan-grey colour.
    74 | D        | Reached XP level 7. HP: 66/73 MP: 7/7
    80 | D        | Killed a hippogriff
    80 | D        | Reached *** piety under Trog
    85 | D        | Noticed Roxanne
    87 | D        | Noticed Menkaure
    89 | D        | Found Wenuacij's Book Shoppe.
    92 | D        | HP: 1/73 [crocodile (17)]
    92 | D        | Mangled by Menkaure

Skill      XL: |  1  2  3  4  5  6  7 |
---------------+----------------------+-----
Fighting       | 6 7 9 10 | 10.7
Long Blades    | 5 7 8 9 |  9.9
Dodging        | 5 6 7 8 9 |  9.0

Action                   |  1- 3 |  4- 6 |  7- 9 || total
-------------------------+-------+-------+-------++-------
Melee: Falchion          |     7 |    48 |     7 ||    62
       Tailslap          |     2 |    10 |     1 ||    13
Invok: Berserk           |     1 |     1 |       ||     2
  Use: Potion            |       |     1 |     1 ||     2
Armor: Skin              |     1 |    10 |     1 ||    12
Dodge: Dodged            |     3 |    34 |     8 ||    45
